 Dungeon Crawl Stone Soup version 0.27-a0-906-g0a00ce863d (webtiles) character file.

Game seed: 1996121355450264169

282 kae the Ruffian (level 6, 0/47 HPs)
             Began as a Demonspawn Gladiator on Apr 6, 2021.
             Killed by nerve-wracking pain
             ... invoked by Grinder
              (14 damage)
             ... while paralysed by Grinder
             ... on level 3 of the Dungeon.
             The game lasted 00:01:39 (3387 turns).

kae the Ruffian (Demonspawn Gladiator)              Turns: 3387, Time: 00:01:39

Health: 0/47       AC: 10    Str: 15 (16) XL:     6   Next: 6%
Magic:  6/6        EV:  2    Int:  6 (9)  God:
Gold:   125        SH:  0    Dex: 14 (15) Spells: 5/5 levels left

rFire    . . .     SeeInvis .     - Unarmed
rCold    . . .     Faith    .   (no shield)
rNeg     . . .     Spirit   .   a - +0 leather armour
rPois    .         Reflect  .   b - +0 helmet
rElec    .         Harm     .   (no cloak)
rCorr    .         Rampage  .   (no gloves)
Will     .....                  (no boots)
Stlth    +.........             (no amulet)
HPRegen  0.15/turn              (no ring)
MPRegen  0.10/turn              (no ring)

@: paralysed, sanguine armoured, flying
A: sanguine armour 1, condensation shield, demonic magic 1
a: no special abilities


You were on level 3 of the Dungeon.
You visited 1 branch of the dungeon, and saw 4 of its levels.

You collected 125 gold pieces.

Inventory:

Missiles
 c - 3 throwing nets (quivered)
Armour
 a - a +0 leather armour (worn)
 b - a +0 helmet (worn)
Jewellery
 k - a +6 ring of intelligence
Wands
 d - a wand of paralysis (3)
 l - a wand of flame (15)
Scrolls
 f - 2 scrolls of identify
 g - a scroll of enchant weapon
Potions
 e - a potion of magic
 j - a potion of ambrosia
 m - a potion of cancellation {unknown}


   Skills:
 + Level 3.6 Fighting
 - Level 1.7 Throwing
 + Level 3.8 Dodging
 * Level 4.8 Unarmed Combat


You had 5 spell levels left.
You didn't know any spells.
Your spell library was empty.

Dungeon Overview and Level Annotations

Branches:
Dungeon (4/15)
 Temple: D:4-7

Altars:

Annotations:
D:3 Grinder


Innate Abilities, Weirdness & Mutations

When seriously injured, your bleeding wounds create armour. (AC +6)
A meltable shield of frost defends you. (SH +4)
Spells you cast may paralyse adjacent enemies.


Message History

Grinder completely misses you.
You closely miss Grinder. You punch Grinder, but do no damage.
Grinder is moderately wounded.
Grinder barely misses you.
You closely miss Grinder.
Grinder is moderately wounded.
Grinder hits you.
You writhe in agony.
You are too injured to fight recklessly!
You are too injured to fight recklessly!
You are too injured to fight recklessly!
You are too injured to fight recklessly!
You are too injured to fight recklessly!
It was a potion of flight.
You feel very buoyant.
You fly up into the air.
Grinder hits you but does no damage.
It was a potion of ambrosia.
You are confused.
You feel invigorated. Grinder misses you.
You closely miss Grinder.
Grinder is moderately wounded.
Grinder gestures at you. Pain shoots through your body!
You bump into the rock wall.
Grinder closely misses you.
You hit Grinder.
Grinder is heavily wounded.
You feel less invigorated.
You feel less confused. Grinder gestures at you. Pain shoots through your body!
You hit Grinder but do no damage.
Grinder is heavily wounded.
Grinder gestures at you.
You suddenly lose the ability to move!
Grinder says, "Wait up."
Grinder hits you.
You writhe in agony.
* * * LOW HITPOINT WARNING * * *
Grinder blinks!
Grinder gestures at you. Pain shoots through your body!
You die...

.##.....#>#.#.###.#
..................#
.######.#.#.#.#####
#.##...## #.###.##
#.# #.# #.# #.# #.#
#.######### #.#
#...5.@...# #.#
#########.# ...
.### .# .# .. ##


You could see Grinder.

Vanquished Creatures
  2 ogres (D:4)
  An orc priest (D:3)
  Ijyb (D:3)
  2 adders (D:4)
  A worm (D:2)
  2 dart slugs (D:1)
  2 orcs (D:3)
  A ball python (D:2)
  2 bats
  7 endoplasms
  5 goblins
  5 hobgoblins
  2 quokkas
  2 frilled lizards (D:3)
  A kobold (D:3)
  A rat (D:3)
37 creatures vanquished.

Notes
Turn   | Place    | Note
-------+----------+-------------------------------------------
     0 | D:1      | kae the Demonspawn Gladiator began the quest for the Orb.
     0 | D:1      | Reached XP level 1. HP: 16/16 MP: 1/1
   681 | D:1      | Reached skill level 3 in Unarmed Combat
   681 | D:1      | Gained mutation: When seriously injured, your bleeding
                  | wounds create armour. (AC +6) [demonic ancestry]
   681 | D:1      | Reached XP level 2. HP: 22/22 MP: 2/2
  1598 | D:2      | Reached XP level 3. HP: 17/28 MP: 3/3
  2006 | D:2      | You fall into a shaft and drop 2 floors!
  2088 | D:4      | Noticed an ogre
  2089 | D:4      | Noticed an ogre
  2163 | D:4      | Killed an ogre
  2164 | D:4      | Reached skill level 4 in Unarmed Combat
  2164 | D:4      | Reached XP level 4. HP: 12/35 MP: 4/4
  2166 | D:4      | Killed an ogre
  2167 | D:4      | Gained mutation: Spells you cast may paralyse adjacent
                  | enemies. [demonic ancestry]
  2167 | D:4      | Reached XP level 5. HP: 15/41 MP: 5/5
  2755 | D:3      | Found a faded altar of an unknown god.
  2801 | D:3      | Noticed Ijyb
  2803 | D:3      | Paralysed by Ijyb for 5 turns
  2834 | D:3      | Killed Ijyb
  2835 | D:3      | Gained mutation: A meltable shield of frost defends you.
                  | (SH +4) [demonic ancestry]
  2835 | D:3      | Reached XP level 6. HP: 40/47 MP: 6/6
  3366 | D:3      | Noticed Grinder
  3383 | D:3      | Paralysed by Grinder for 7 turns
  3387 | D:3      | Killed from afar by Grinder

Illustrated notes

Levels and vault maps discovered:
D:1:      evilmike_arrival_rings, layout_basic, minmay_misc_feat_tower
D:2:      layout_basic, basic_altar
D:3:      layout_loops_ring, basic_ecumenical_altar, uniq_ijyb,
          uniq_crazy_yiuf_cottage, uniq_grinder
D:4:      layout_cave_pools, solitary_fountain, minmay_manual_mares, uniq_pikel

Skill      XL: |  1  2  3 |
---------------+----------+-----
Unarmed Combat | 3 4 |  4.8
Dodging        | 3 |  3.8
Fighting       | 3 |  3.6
Throwing       | |  1.7

Action                   |  1- 3 |  4- 6 || total
-------------------------+-------+-------++-------
Melee: Unarmed           |   110 |    85 ||   195
       Punch             |     2 |     4 ||     6
  Use: Scroll            |     4 |       ||     4
       Potion            |     1 |     5 ||     6
 Stab: Sleeping          |       |     1 ||     1
Armor: Leather armour    |    20 |    13 ||    33
       Skin              |       |     9 ||     9
Dodge: Dodged            |    68 |    32 ||   100
Block: Other             |       |     1 ||     1

Table legend: (Time is in decaauts)
 A = Elapsed time spent in this place.
 B = Non-inter-level travel time spent in this place.
 C = Inter-level travel time spent in this place.
 D = Time resting spent in this place.
 E = Time spent auto-exploring this place.
 F = Levels seen in this place.
 G = Mean time per level.
                   A        B        C        D        E       F      G
               +--------+--------+--------+--------+--------+-----+--------+
         Total |   3378 |   3353 |     25 |    145 |   2808 |   4 |  844.5 |
       Dungeon |   3378 |   3353 |     25 |    145 |   2808 |   4 |  844.5 |
               +--------+--------+--------+--------+--------+-----+--------+

Top non-repeatable levels by time:
     D:1: 1394 daAuts
     D:3: 813 daAuts
     D:2: 606 daAuts
     D:4: 564 daAuts
